 Dungeon Crawl Stone Soup version 0.18-a0-1788-g92de1ac (webtiles) character file.

886 Moloch the Covert (level 7, -9/53 HPs)
             Began as a Vampire Assassin on Apr 19, 2016.
             Mangled by an ogre
             ... wielding a +0 giant club
              (17 damage)
             ... on level 5 of the Dungeon.
             The game lasted 00:12:01 (4365 turns).

Moloch the Covert (Vampire Assassin)                Turns: 4365, Time: 00:12:02

Health: -9/53      AC:  9    Str: 10    XL:     7   Next: 77%
Magic:  7/7        EV: 12    Int: 13    God:
Gold:   326        SH:  0    Dex: 18    Spells: 0 memorised, 6 levels left

rFire  . . .     SeeInvis +     y - +1 short sword (protect)
rCold  + . .     Gourm    .     c - +0 robe
rNeg   + + .     Faith    .     (no shield)
rPois  +         Spirit   .     (no helmet)
rElec  .         Dismiss  .     d - +0 cloak
rCorr  .         Reflect  .     z - +0 pair of gloves
SustAt .         Harm     .     (no boots)
MR     +....                    (no amulet)
Stlth  +++++++...               o - ring of stealth
                                I - ring of protection from magic

@: regenerating slowly, somewhat resistant to hostile enchantments, extremely
stealthy
A: fangs 3, see invisible, unbreathing
a: Bat Form


You were on level 5 of the Dungeon.
You were thirsty.

You visited 1 branch of the dungeon, and saw 5 of its levels.

You collected 326 gold pieces.

Inventory:

Hand Weapons
 b - a +0 blowgun
 r - a +0 rapier
 y - a +1 short sword of protection (weapon)
 G - a +1 long sword of draining
Missiles
 e - 40 poisoned needles
 f - 5 curare-tipped needles
 w - 11 tomahawks (quivered)
Armour
 c - a +0 robe (worn)
 d - a +0 cloak (worn)
 z - a +0 pair of gloves (worn)
Jewellery
 l - an uncursed ring of protection from cold
 o - a ring of stealth (right hand)
 I - a ring of protection from magic (left hand)
Wands
 C - a wand of iceblast (5/15)
 F - a wand of flame (12/48)
Scrolls
 j - 2 scrolls of enchant weapon {unknown}
 n - 3 scrolls of teleportation {unknown}
 s - 4 scrolls of identify {unknown}
 u - 2 scrolls of fear {unknown}
 v - a scroll of enchant armour {unknown}
 A - a scroll of blinking {unknown}
 B - a scroll of random uselessness {unknown}
 K - a scroll of noise {unknown}
Potions
 a - a potion of flight {unknown}
 g - 10 potions of blood
 h - a potion of resistance {unknown}
 i - a potion of invisibility {unknown}
 k - 2 potions of agility {unknown}
 m - a potion of beneficial mutation {unknown}
 p - 3 potions of curing {unknown}
 t - a potion of mutation {unknown}
 x - 2 potions of heal wounds {unknown}
 D - 3 potions of cure mutation {unknown}
 E - a potion of degeneration {unknown}
 H - a potion of magic {unknown}
 J - a potion of haste
Books
 q - a book of Beasts

   Spells                             Type                      Level
   a - Summon Butterflies             Summoning                    1
   b - Call Canine Familiar           Summoning                    3
   c - Summon Ice Beast               Ice/Summoning                4
   d - Summon Mana Viper              Hexes/Summoning              5
   e - Summon Hydra                   Summoning                    7


   Skills:
 + Level 3.8 Fighting
 + Level 4.8 Short Blades
 - Level 1.5 Throwing
 - Level 1.1 Dodging
 + Level 11.9 Stealth


You had 6 spell levels left.
You didn't know any spells.

Dungeon Overview and Level Annotations

Branches:
Dungeon (5/15)
 Temple: D:4-7

Altars:
Gozag
Kikubaaqudgha
Nemelex Xobeh
Vehumet
Yredelemnul

Shops:
D:5 *


Innate Abilities, Weirdness & Mutations

You heal slowly.
You have razor-sharp teeth.
You have supernaturally acute eyesight.
You can survive without breathing.


Message History

The ogre is heavily wounded.
The ogre closely misses you.
The phantom blinks!
You hit the ogre.
The ogre is heavily wounded.
The ogre hits you with a giant club.
* * * LOW HITPOINT WARNING * * *
The phantom blinks!
You hit the ogre but do no damage.
The ogre is heavily wounded.
The ogre closely misses you.
You hit the ogre. You bite the ogre.
You draw the ogre's blood!
You feel better.
You feel slightly less thirsty.
The ogre is severely wounded.
You hit the ogre.
The ogre is almost dead.
The ogre barely misses you.
You hit the ogre.
The ogre is almost dead.
The ogre hits you with a giant club!
You die...

..........# # ..........# ##
#.........## #. #......O...#
#. .....o...# ##. ...o...#
#.. ######.....#
##############.#
........######..............#
.........WoO@...............#
########################....#
######


You could see a phantom, an ogre and an orc.

Vanquished Creatures
  Sigmund (D:2)
  A sky beast (D:5)
  An ogre (D:5)
  A centaur (D:5)
  A scorpion (D:4)
  An orc priest (D:5)
  A jelly (D:5)
  An orc wizard (D:4)
  A giant frog skeleton (D:4)
  5 worker ants
  A hound skeleton (D:4)
  8 adders
  A howler monkey skeleton (D:4)
  An adder zombie (D:5)
  2 worms (D:2)
  2 dart slugs
  A giant gecko (D:3)
  8 orcs
  A ball python (D:2)
  6 giant cockroaches
  2 gnoll zombies (D:5)
  10 goblins
  3 hobgoblins
  9 jackals
  13 kobolds
  A quokka (D:2)
  9 bats
  7 giant newts
  A quokka zombie (D:5)
  5 rats
105 creatures vanquished.

Notes
Turn   | Place    | Note
--------------------------------------------------------------
     0 | D:1      | Moloch the Vampire Assassin began the quest for the Orb.
     0 | D:1      | Reached XP level 1. HP: 16/16 MP: 1/1
    62 | D:1      | Reached skill level 6 in Stealth
   226 | D:1      | Reached XP level 2. HP: 22/22 MP: 2/2
   569 | D:1      | Reached skill level 7 in Stealth
   753 | D:2      | Noticed Sigmund
  1034 | D:2      | Reached XP level 3. HP: 23/27 MP: 3/3
  1511 | D:2      | Killed Sigmund
  1511 | D:2      | Reached skill level 9 in Stealth
  1511 | D:2      | Reached XP level 4. HP: 20/34 MP: 4/4
  1511 | D:2      | Reached XP level 5. HP: 23/39 MP: 5/5
  1575 | D:2      | Found an ancient bone altar of Kikubaaqudgha.
  2028 | D:3      | Found a faded altar to an unknown god.
  2091 | D:3      | Found an opulent altar of Gozag.
  2360 | D:3      | Found a radiant altar of Vehumet.
  2365 | D:3      | Reached XP level 6. HP: 46/46 MP: 6/6
  2530 | D:4      | Reached skill level 10 in Stealth
  3431 | D:4      | Reached skill level 11 in Stealth
  3431 | D:4      | Reached XP level 7. HP: 34/52 MP: 7/7
  3449 | D:5      | Entered Level 5 of the Dungeon
  3861 | D:5      | Found Lmaurer's Luxury Loot.
  3972 | D:5      | Found a basalt altar of Yredelemnul.
  4290 | D:5      | Found a sparkling altar of Nemelex Xobeh.
  4365 | D:5      | Mangled by an ogre

Vault maps used:
D:1:      minmay_arrival_four_houses
D:2:      kiku_gazebo_garden_becter, grunt_decor_fettered, uniq_sigmund
D:3:      nicolae_overflow_crystal_walls, grunt_gozag_breadcrumbs,
          ecumenical_altar_2, first_bread
D:4:      minmay_goblin_kobold_house
D:5:      nemelex_deck, lemuel_zombie_altar_yredelemnul, kennysheep_mini_moat,
          minmay_temple_entry_overgrown, nicolae_alphabet_shops

Skill      XL: |  1  2  3  4  5  6  7 |
---------------+----------------------+-----
Stealth        | 6 7 9 11 | 11.9
Fighting       | 2 3 |  3.8
Short Blades   | 3 4 |  4.8
Throwing       | |  1.5
Dodging        | |  1.1

Action                   |  1- 3 |  4- 6 |  7- 9 || total
-------------------------+-------+-------+-------++-------
Melee: Dagger            |   103 |    12 |       ||   115
       Bite              |     8 |    22 |     9 ||    39
       Short sword       |       |   186 |    83 ||   269
 Fire: Blowgun           |     3 |       |       ||     3
  Use: Scroll            |     1 |       |       ||     1
       Potion            |     1 |     1 |     2 ||     4
 Stab: Sleeping          |     8 |    22 |     5 ||    35
       Distracted        |       |     1 |     1 ||     2
Armor: Robe              |    30 |    48 |     9 ||    87
Dodge: Dodged            |    77 |   100 |    38 ||   215
